 Dungeon Crawl Stone Soup version 0.29-a0-717-g6dac4ea423 (webtiles) character file.

Game seed: 2643836049153782421

42 siradein the Conjurer (level 3, -1/26 HPs)
             Began as a Draconian Conjurer on June 27, 2022.
             Slain by a goblin
             ... wielding a +0 club
             ... led by Robin
              (2 damage)
             ... on level 2 of the Dungeon.
             The game lasted 00:06:05 (1268 turns).

siradein the Conjurer (Draconian Conjurer)          Turns: 1268, Time: 00:06:05

Health: -1/26      AC:  5    Str:  9    XL:     3   Next: 33%
Magic:  1/7        EV: 12    Int: 20    God:
Gold:   77         SH:  0    Dex:  9    Spells: 6/7 levels left

rFire   . . .      SeeInvis .   i - +1 whip (vamp)
rCold   . . .      Faith    .   (no shield)
rNeg    . . .      Spirit   .   (body armour unavailable)
rPois   +          Reflect  .   (helmet restricted)
rElec   .          Harm     .   (no cloak)
rCorr   .          Rampage  .   (no gloves)
Will    .....                   (no boots)
Stlth   ++........              (no amulet)
HPRegen 0.08/turn               d - ring of poison resistance
MPRegen 0.10/turn               (no ring)

@: no status effects
A: AC +5, unfitting armour, cold-blooded
a: no special abilities


You were on level 2 of the Dungeon.
You visited 1 branch of the dungeon, and saw 2 of its levels.

You collected 77 gold pieces.

Inventory:

Hand Weapons
 i - a +1 vampiric whip (weapon)
Jewellery
 d - a ring of poison resistance (left hand)
Scrolls
 b - 2 scrolls of immolation {unknown}
 f - a scroll of enchant weapon {unknown}
 g - a scroll of teleportation {unknown}
 h - 3 scrolls of silence {unknown}
Potions
 a - a potion of magic
 c - a potion of flight {unknown}
 e - a potion of curing {unknown}


   Skills:
 - Level 1.7 Dodging
 - Level 1.7 Stealth
 + Level 2.9 Spellcasting
 + Level 4.6 Conjurations


You had 6 spell levels left.
You knew the following spells:

 Your Spells              Type           Power      Damage    Failure   Level
a - Magic Dart            Conj           84%        1d7       2%          1

Your spell library contained the following spells:

 Spells                   Type           Power      Damage    Failure   Level
 Searing Ray              Conj           42%        2d6       3%          2
 Dazzling Flash           Conj/Hex       24%        N/A       17%         3
 Fulminant Prism          Conj/Hex       6%         3d7       50%         4
 Iskenderun's Mystic Bla  Conj/Tloc      12%        2d5       50%         4


Dungeon Overview and Level Annotations

Branches:
Dungeon (2/15)

Altars:

Annotations:
D:2 Natasha, Robin


Innate Abilities, Weirdness & Mutations

Your plain brown scales are hard. (AC +5)
You cannot fit into any form of body armour.
You are cold-blooded and may be slowed by cold attacks.


Message History

An adder comes into view.
You are out of magic!
A rat comes into view.
The goblin completely misses you. The hobgoblin barely misses you.
Robin throws the goblin at you!
You closely miss the goblin. The goblin hits you with a +0 club.
The goblin closely misses you. The hobgoblin closely misses you.
You miss the goblin.
The goblin no longer looks unusually strong.
The goblin hits you but does no damage. x2; The hobgoblin hits you.
* * * LOW HITPOINT WARNING * * *
You barely miss the goblin.
The goblin no longer looks unusually strong.
The goblin barely misses you. The hobgoblin closely misses you.
Robin roars a battlecry!
The goblins go into a battle-frenzy!
The goblin hits you with a +0 dagger.
* * * LOW HITPOINT WARNING * * *
A goblin comes into view. It is wielding a +0 dagger.
The goblin hits you but does no damage. The goblin misses you.
The hobgoblin misses you.
The goblin shouts!
You closely miss the goblin.
You hear a shout!
You hear an angry hiss.
The goblin no longer looks unusually strong.
Robin roars a battlecry!
The goblin goes into a battle-frenzy!
The goblin hits you but does no damage. The goblin hits you with a +0 dagger.
* * * LOW HITPOINT WARNING * * *
The hobgoblin misses you.
You hear a shout!
Your magical contamination has completely faded away.
You hit the goblin.
You kill the goblin!
Robin throws the goblin at you! The goblin hits you but does no damage.
The hobgoblin closely misses you.
Unknown command.
You hit the goblin but do no damage. The goblin barely misses you.
The goblin hits you with a +0 club.
You die...

...............
...................
...S.....h..##.....
........).....^#.#
.o.g.............# .
###g(..r.......#.#.. #.).#
#gS........<..
####.###.#####gg..........
..........)).g@###....#
g####...#######g......#
... #.### ###.###.#.#....
#.. #...# #.#.#.... #.
#.#####........ #.
#†#............ .
..#............ ..
.......#.........
...#.###.........


You could see Robin, Natasha, an adder, a hobgoblin (strong), 3 goblins and a
rat.

Vanquished Creatures
  An adder (D:2)
  2 orcs (D:2)
  2 ball pythons (D:1)
  A bat (D:2)
  2 endoplasms
  4 giant cockroaches
  2 hobgoblins (D:1)
  A frilled lizard (D:1)
  8 goblins
  3 kobolds (D:1)
  3 rats
29 creatures vanquished.

Notes
Turn   | Place    | Note
-------+----------+-------------------------------------------
     0 | D:1      | siradein the Draconian Conjurer began the quest for the
                  | Orb.
     0 | D:1      | Reached XP level 1. HP: 14/14 MP: 3/3
   303 | D:1      | Reached XP level 2. HP: 20/20 MP: 3/5
   965 | D:2      | Noticed Natasha
  1028 | D:2      | Reached XP level 3. HP: 26/26 MP: 1/7
  1251 | D:2      | Noticed Robin
  1266 | D:2      | HP: 1/26 [goblin/+0 dagger[Robin] (2)]
  1268 | D:2      | Slain by a goblin

Illustrated notes

Levels and vault maps discovered:
D:1:      lightli_arrival_chessboard, layout_rooms, dk_noncrumbling_2,
          roderic_serpentine_path, kennysheep_small_spiral
D:2:      layout_rooms, uniq_robin, uniq_natasha

Action                   || total
-------------------------++-------
Melee: Unarmed           ||     2
       Tailslap          ||     3
       Short sword       ||     1
       Whip              ||    23
 Cast: Magic Dart        ||    60
Armor: Skin              ||    11
Dodge: Dodged            ||    26

Table legend: (Time is in decaauts)
 A = Elapsed time spent in this place.
 B = Non-inter-level travel time spent in this place.
 C = Inter-level travel time spent in this place.
 D = Time resting spent in this place.
 E = Time spent auto-exploring this place.
 F = Levels seen in this place.
 G = Mean time per level.
                   A        B        C        D        E       F      G
               +--------+--------+--------+--------+--------+-----+--------+
         Total |   1268 |   1231 |     37 |      0 |   1023 |   2 |  634.0 |
       Dungeon |   1268 |   1231 |     37 |      0 |   1023 |   2 |  634.0 |
               +--------+--------+--------+--------+--------+-----+--------+

Top non-repeatable levels by time:
     D:1: 942 daAuts
     D:2: 325 daAuts
